 Dungeon Crawl Stone Soup version 0.27.1 (webtiles) character file.

Game seed: 12190732790551621752

1834 Kold the Carver (level 9, -1/64 HPs)
             Began as a Formicid Fighter on Sept 3, 2021.
             Was a Priest of Okawaru.
             Succumbed to Dowan's poison
             ... on level 6 of the Dungeon.
             The game lasted 00:06:46 (5451 turns).

Kold the Carver (Formicid Fighter)                  Turns: 5451, Time: 00:06:46

Health: -1/64      AC:  7    Str: 20 (23) XL:     9   Next: 33%
Magic:  8/8        EV:  5    Int:  8 (9)  God:    Okawaru [***...]
Gold:   217        SH: 11    Dex:  9 (10) Spells: 8/8 levels left

rFire    . . .     SeeInvis +   m - +2 short sword (drain)
rCold    . . .     Faith    .   c - +0 kite shield
rNeg     . . .     Spirit   .   t - +0 plate armour
rPois    .         Reflect  .   (helmet unavailable)
rElec    .         Harm     .   n - +0 cloak
rCorr    .         Rampage  .   (no gloves)
Will     .....                  (no boots)
Stlth    ..........             (no amulet)
HPRegen  0.20/turn              (no ring)
MPRegen  0.11/turn              (no ring)

@: lethally poisoned (-1 -> -10)
A: permanent stasis, dig shafts and tunnels, antennae 3, four strong arms,
talons 1, deformed body, low mp 1, sense surroundings 1
a: Dig, Shaft Self, Renounce Religion, Heroism


You were on level 6 of the Dungeon.
You worshipped Okawaru.
Okawaru was most pleased with you.
You visited 1 branch of the dungeon, and saw 6 of its levels.

You collected 217 gold pieces.

Inventory:

Hand Weapons
 a - a +0 long sword
 m - a +2 short sword of draining (weapon)
Missiles
 f - 5 atropa-tipped darts (quivered)
Armour
 c - a +0 kite shield (worn)
 n - a +0 cloak (worn)
 t - a +0 plate armour (worn)
Wands
 s - a wand of flame (20)
 v - a wand of polymorph (9)
Scrolls
 e - a scroll of immolation
 h - 3 scrolls of identify {unknown}
 k - a scroll of vulnerability {unknown}
 o - 2 scrolls of teleportation {unknown}
 q - a scroll of blinking {unknown}
Potions
 i - a potion of flight
 j - 2 potions of attraction
 l - 2 potions of brilliance
 r - 2 potions of cancellation


   Skills:
 - Level 3.3 Fighting
 * Level 9.6 Long Blades
 - Level 3.3 Armour
 + Level 8.7 Shields


You had 8 spell levels left.
You didn't know any spells.
Your spell library contained the following spells:

 Spells                   Type           Power      Damage    Failure   Level
 Mephitic Cloud           Conj/Pois/Air  0%         N/A       100%        3
 Animate Armour           Summ/Erth      0%         N/A       100%        4
 Blade Hands              Tmut           0%         N/A       100%        5
 Bolt of Magma            Conj/Fire/Erth 0%         4d4       100%        5
 Eringya's Noxious Bog    Tmut/Pois      0%         N/A       100%        6
 Iron Shot                Conj/Erth      0%         9d1       100%        6
 Starburst                Conj/Fire      0%         6d3       100%        6


Dungeon Overview and Level Annotations

Branches:
Dungeon (6/15)             Temple (0/1) D:5

Altars:
Elyvilon
Gozag
Okawaru

Annotations:
D:5 Dowan
D:6 Blork the orc


Innate Abilities, Weirdness & Mutations

You cannot be hasted, slowed, berserked, paralysed or teleported.
You can dig through walls and to a lower floor.
You have a pair of large antennae on your head. (SInv)
Your four strong arms can wield two-handed weapons with a shield.
You have sharp toenails.
Armour fits poorly on your strangely shaped body.
Your magical capacity is low. (-10% MP)
You passively map a small area around you.


Message History

You block Dowan's attack.
You barely miss Dowan.
Dowan hits you with a +1 dagger of venom.
You are poisoned.
You miss Dowan. Your kick misses Dowan.
You feel very sick. You block Dowan's attack.
Dowan hits you with a +1 dagger of venom.
You are more poisoned.
You puncture Dowan! You drain Dowan.
Dowan is heavily wounded.
* * * LOW HITPOINT WARNING * * *
You feel very sick. Dowan barely misses you.
Are you sure you want to shaft yourself?
* * * LOW HITPOINT WARNING * * *
You feel very sick.
Dowan hits you with a +1 dagger of venom.
* * * LOW HITPOINT WARNING * * *
You begin to dig a shaft.
You continue digging a shaft.
* * * LOW HITPOINT WARNING * * *
You feel very sick. Dowan hits you but does no damage.
You are more poisoned.
You block Dowan's attack. A shaft appears beneath you!
You fall into a shaft and drop 1 floor!
The shaft crumbles and collapses.
Level annotation: Blork the orc
* * * LOW HITPOINT WARNING * * *
You feel very sick.
Drinking this now will have no effect.
As you read the scroll labelled JIWOMI LAIRPH, it crumbles to dust.
The scroll dissolves into smoke.
It was a scroll of fog.
* * * LOW HITPOINT WARNING * * *
You feel very sick.
As you read the scroll labelled LARAUT NUDOFF, it crumbles to dust.
The air around you briefly surges with heat, but it dissipates.
It was a scroll of immolation.
You die...

, ,*#. *
* #....#
, , ,*#.
#....# .
#. *
#....##.
, , #.
,,.......
,, .. ,
#....#
,... ,*
#§§§.# *
#§§§.####
*,,,
#@§§.....
, *,
+§§§.....
, , *
###§.##..
, * ..#
,.# *, ,
.#* , # *
* , , ,


There were no monsters in sight!

Vanquished Creatures
  Pikel (D:4)
  Sigmund (D:5)
  Eustachio (D:5)
  A wyvern (D:5)
  Menkaure (D:5)
  Duvessa (D:5)
  A water moccasin (D:5)
  A sky beast (D:6)
  A centaur (D:6)
  A lemure (D:4)
  A phantom (D:5)
  A wyvern skeleton (D:5)
  2 centaur skeletons
  An orc wizard (D:5)
  A hound skeleton (D:4)
  2 howler monkey skeletons
  7 adders
  2 white imps (D:5)
  An adder skeleton (D:2)
  3 worms
  A dart slug (D:4)
  4 orcs
  7 ball pythons
  11 endoplasms
  4 giant cockroaches
  8 hobgoblins
  8 jackals
  11 kobolds
  3 quokkas
  8 bats
  A frilled lizard (D:2)
  8 goblins
  3 rats
108 creatures vanquished.

Vanquished Creatures (others)
  3 plants (D:2)
3 creatures vanquished.

Grand Total: 111 creatures vanquished

Notes
Turn   | Place    | Note
-------+----------+-------------------------------------------
     0 | D:1      | Kold the Formicid Fighter began the quest for the Orb.
     0 | D:1      | Reached XP level 1. HP: 18/18 MP: 1/1
   164 | D:1      | Reached XP level 2. HP: 22/24 MP: 2/2
   332 | D:1      | Found a faded altar of an unknown god.
   372 | D:1      | Reached XP level 3. HP: 15/29 MP: 3/3
   741 | D:1      | Reached skill level 3 in Long Blades
  1065 | D:1      | Got the Handbook of Noxious Fire
  1463 | D:2      | Reached XP level 4. HP: 33/35 MP: 4/4
  2203 | D:3      | Reached skill level 4 in Long Blades
  2203 | D:3      | Reached XP level 5. HP: 41/41 MP: 5/5
  2270 | D:3      | Found a white marble altar of Elyvilon.
  2823 | D:4      | Found an iron altar of Okawaru.
  2864 | D:4      | Became a worshipper of Warmaster Okawaru
  2886 | D:4      | Found an opulent altar of Gozag.
  2907 | D:4      | Reached skill level 5 in Shields
  3014 | D:4      | Reached XP level 6. HP: 47/47 MP: 6/6
  3387 | D:5      | Entered Level 5 of the Dungeon
  3418 | D:5      | Noticed Pikel
  3560 | D:5      | Reached skill level 5 in Long Blades
  3626 | D:4      | Killed Pikel
  3626 | D:4      | Reached * piety under Okawaru
  3627 | D:4      | Reached skill level 6 in Long Blades
  3627 | D:4      | Reached XP level 7. HP: 33/52 MP: 7/7
  3770 | D:5      | Found a staircase to the Ecumenical Temple.
  3794 | D:5      | Reached skill level 7 in Long Blades
  3794 | D:5      | Reached XP level 8. HP: 54/58 MP: 8/8
  3831 | D:5      | Reached ** piety under Okawaru
  4275 | D:5      | Noticed Eustachio
  4319 | D:5      | Killed Eustachio
  4320 | D:5      | Reached skill level 8 in Long Blades
  4444 | D:5      | Noticed a wyvern
  4455 | D:5      | Killed a wyvern
  4692 | D:5      | Noticed Sigmund
  4702 | D:5      | Killed Sigmund
  4702 | D:5      | Reached *** piety under Okawaru
  4703 | D:5      | Reached XP level 9. HP: 64/64 MP: 9/9
  4741 | D:6      | Noticed Menkaure
  4762 | D:5      | Gained mutation: Your magical capacity is low. (-10% MP)
                  | [potion of mutation]
  4762 | D:5      | Gained mutation: You passively map a small area around you.
                  | [potion of mutation]
  4762 | D:5      | Gained mutation: Armour fits poorly on your strangely
                  | shaped body. [potion of mutation]
  4762 | D:5      | Gained mutation: You have sharp toenails. [potion of
                  | mutation]
  4766 | D:5      | Killed Menkaure
  4767 | D:5      | Reached skill level 9 in Long Blades
  5126 | D:6      | Noticed Blork the orc
  5424 | D:6      | Noticed Duvessa
  5424 | D:6      | Noticed Dowan
  5442 | D:5      | Killed Duvessa
  5449 | D:5      | You fall into a shaft and drop 1 floor!
  5450 | D:6      | HP: 1/64 [poisoned by Dowan]
  5451 | D:6      | Succumbed to Dowan's poison

Illustrated notes

Levels and vault maps discovered:
D:1:      zelgadis_glass_arrival_small, layout_basic,
          chequers_ecumenical_altar_island, corexii_item_surrounded_by_moat
D:2:      layout_basic, serial_forest, infiniplex_forest_clump_medium,
          infiniplex_forest_clump_long, infiniplex_forest_end_3,
          infiniplex_forest_straight_5, infiniplex_forest_lined_room_3
D:3:      layout_basic, old_standard_altar
D:4:      layout_loops_ring, mainiacjoe_overflow_concentric_impassable,
          mainiacjoe_overflow_alcove_4, minivault_24
D:5:      layout_basic, minmay_temple_entry_butterflies, uniq_sigmund,
          uniq_eustachio, uniq_pikel
D:6:      layout_gridville, ebering_ghost_disaster_area, uniq_blork_the_orc,
          uniq_duvessa, uniq_grinder, uniq_menkaure

Skill      XL: |  1  2  3  4  5  6  7  8  9 |
---------------+----------------------------+-----
Shields        | 4 5 6 8 |  8.7
Long Blades    | 3 4 6 7 8 9 |  9.6
Fighting       | |  3.3
Armour         | |  3.3

Action                   |  1- 3 |  4- 6 |  7- 9 || total
-------------------------+-------+-------+-------++-------
Melee: Long sword        |   120 |     5 |       ||   125
       Short sword       |       |   199 |   160 ||   359
       Kick              |       |       |     6 ||     6
 Abil: Dig               |       |       |     3 ||     3
       Shaft Self        |       |       |     1 ||     1
  Use: Potion            |       |     1 |     8 ||     9
       Scroll            |       |       |     2 ||     2
Armor: Scale mail        |    69 |    38 |       ||   107
       Plate armour      |       |    32 |    65 ||    97
Dodge: Dodged            |    38 |    51 |    20 ||   109
Block: Kite shield       |    56 |    86 |    78 ||   220
       Rpst.: Long sword |    10 |     1 |       ||    11
